Map: Blackpink LE

Players

Pain - Winner!

  • Race: Terran Terran
  • Spawn Location: 1:00

A.I. 1 (Medium)

  • Race: Zerg Zerg
  • Spawn Location: 7:00

VOD

Have the link to the VOD?

Description

Time

  • Played on: March 21, 2018, 7:11 p.m.
  • Length: 13:09
Show
View Real Time Build Order
Export as new Build Order

Pain Terran - Winner!

Build Orders: MMM Bio 

Get SALT Encoding   

  12  0:02  SCV  
  13  0:14  SCV  
  13  0:20  Supply Depot  
  14  0:30  SCV  
  15  0:36  Refinery  
  15  0:44  Barracks  
  15  1:00  Supply Depot  
  15  1:03  SCV  
  16  1:15  SCV  
  17  1:27  SCV  
  18  1:45  Barracks Reactor, Bunker  
  18  1:48  Orbital Command  
  18  2:05  Command Center  
  18  2:16  Refinery  
  18  2:22  SCV  
  19  2:34  SCV  
  20  2:37  Marine x2  
  20  2:42  Barracks  
  22  2:46  SCV  
  23  2:58  SCV  
  23  3:03  Marine x2  
  26  3:10  SCV  
  27  3:21  Marine  
  27  3:22  SCV  
  27  3:24  SCV  
  30  3:35  SCV  
  30  3:36  SCV  
  30  3:41  Barracks Tech Lab  
  32  3:48  SCV  
  32  4:01  SCV  
  33  4:05  Factory  
  33  4:09  Factory  
  33  4:12  Engineering Bay  
  33  4:13  SCV  
  34  4:19  Marine x3  
  37  4:25  SCV  
  38  4:36  Marine  
  38  4:37  Marine, SCV  
  41  4:49  SCV  
  42  4:56  SCV  
  43  5:01  SCV, Factory Reactor  
  43  5:02  Factory Tech Lab  
  43  5:06  Combat Shields  
  44  5:08  SCV  
  44  5:09  Terran Infantry Weapons Level 1  
  44  5:13  SCV  
  46  5:15  Armory  
  46  5:20  SCV  
  47  5:25  SCV  
  48  5:34  Starport  
  48  5:36  Starport  
  48  5:37  SCV  
  49  5:47  Siege Tank  
  49  5:49  SCV  
  53  6:02  SCV  
  54  6:06  Refinery  
  54  6:09  Refinery  
  54  6:15  Supply Depot  
  54  6:25  Stimpack  
  54  6:27  Terran Vehicle Weapons Level 1  
  54  6:33  Starport Reactor  
  54  6:35  Starport Reactor  
  54  6:36  Marine x3, SCV  
  54  6:37  Starport Tech Lab, Supply Depot  
  58  6:44  Supply Depot  
  58  6:48  SCV  
  58  6:54  Marine x3  
  57  7:00  Supply Depot  
  59  7:03  Terran Infantry Armor Level 1  
  59  7:07  Supply Depot  
  56  7:12  Marine x3  
  59  7:24  Supply Depot  
  59  7:29  Marine x3  
  59  7:30  Orbital Command  
  59  7:31  Liberator  
  59  7:36  Medivac  
  59  7:37  Medivac  
  66  7:47  Marine, Supply Depot  
  70  7:54  Siege Tank  
  73  8:06  Medivac x2  
  73  8:09  Unknown  
  77  8:21  Terran Vehicle And Ship Armor Level 1  
  77  8:25  Command Center  
  77  8:52  Marauder  
  77  8:53  Marine x2  
  81  8:56  Siege Tank  
  81  8:57  Terran Infantry Weapons Level 2  
  84  9:11  Marine x2, SCV  
  84  9:14  Marauder  
  89  9:23  SCV  
  90  9:28  Siege Tank  
  90  9:29  Marine x2  
  95  9:35  SCV, Marauder  
  98  9:46  Marine x2  
  98  9:47  Unknown, SCV  
  101  9:56  Marauder  
  104  10:00  SCV, Siege Tank  
  107  10:15  Terran Vehicle Weapons Level 2  
  107  10:18  Marauder  
  105  10:56  Marine x2, Marauder  
  107  10:59  Siege Tank  
  107  11:01  Medivac x2  
  114  11:14  Marine x2  
  114  11:17  Marauder  
  118  11:23  SCV  
  119  11:29  SCV x2  
  119  11:31  Siege Tank  
  119  11:32  Marine x2  
  126  11:35  SCV  
  126  11:38  Marauder  
  129  11:41  SCV x2  
  131  11:47  SCV  
  131  11:49  Marine  
  131  11:50  Marine  
  131  11:53  SCV x2  
  136  12:00  SCV, Marauder  
  139  12:03  Siege Tank  
  139  12:05  SCV x2  
  137  12:12  SCV  
  138  12:17  SCV x2  
  138  12:21  Marauder  
  142  12:35  Siege Tank  
  137  12:51  Marine  
Show
View Real Time Build Order
Export as new Build Order

A.I. 1 (Medium) Zerg 

Build Orders: Pool First 

Get SALT Encoding   

  12  0:00  Drone  
  13  0:12  Overlord  
  13  0:17  Drone  
  14  0:30  Drone  
  14  0:33  Drone  
  16  0:42  Spawning Pool  
  15  0:44  Drone  
  15  0:49  Drone  
  17  0:52  Extractor  
  17  0:55  Drone  
  17  1:06  Overlord  
  17  1:30  Queen  
  17  1:31  Zergling x2  
  20  1:37  Roach Warren  
  20  1:38  Drone  
  20  1:39  Extractor  
  19  1:45  Zergling x2  
  20  1:49  Drone  
  21  2:00  Drone  
  22  2:10  Overlord  
  22  2:21  Roach  
  24  2:36  Roach  
  26  2:37  Overlord  
  26  2:50  Roach  
  28  3:00  Drone  
  28  3:04  Roach  
  28  3:05  Drone  
  32  3:14  Overlord  
  32  3:18  Drone, Roach  
  35  3:22  Drone  
  36  3:29  Drone  
  37  3:39  Baneling Nest  
  37  3:40  Roach  
  39  3:41  Drone  
  39  3:44  Drone  
  39  3:48  Evolution Chamber  
  39  3:51  Drone  
  40  4:02  Roach  
  42  4:16  Roach  
  44  6:15  Overlord, Drone, Lair  
  44  6:18  Spore Crawler  
  44  6:20  Drone, Spore Crawler  
  44  6:24  Hatchery, Evolution Chamber  
  42  6:33  Drone  
  42  6:34  Overlord  
  42  6:36  Drone  
  44  6:44  Spine Crawler  
  44  6:45  Drone  
  44  6:46  Spine Crawler  
  43  6:48  Drone  
  43  6:52  Zergling x2  
  33  7:10  Roach  
  33  7:12  Overseer, Queen  
  33  7:13  Overseer  
  31  7:17  Drone, Hydralisk Den  
  31  7:18  Infestation Pit  
  31  7:20  Drone  
  31  7:21  Spire  
  30  7:23  Drone  
  30  7:24  Roach  
  33  7:37  Drone, Queen  
  33  7:40  Drone  
  33  7:43  Drone, Roach, Ravager  
  41  7:45  Drone  
  41  7:47  Extractor  
  41  7:48  Spore Crawler  
  41  7:49  Drone  
  41  7:52  Drone, Spore Crawler  
  41  7:54  Drone  
  41  7:55  Spore Crawler  
  41  7:57  Hydralisk, Drone  
  44  8:00  Drone  
  44  8:03  Drone  
  46  8:06  Drone  
  46  8:09  Drone  
  46  8:11  Hydralisk  
  46  8:12  Drone, Ravager  
  52  8:16  Overseer  
  52  8:19  Drone  
  53  8:22  Drone  
  53  8:25  Drone  
  53  8:26  Overlord, Roach  
  57  8:29  Drone  
  57  8:33  Drone  
  59  8:40  Drone, Spine Crawler  
  59  8:44  Drone  
  59  8:46  Hydralisk  
  59  8:47  Drone  
  63  8:50  Drone  
  63  8:53  Drone  
  63  8:54  Spine Crawler  
  64  8:55  Drone  
  64  8:58  Drone  
  64  9:00  Hydralisk, Overlord  
  68  10:09  Extractor  
  67  10:23  Zergling x2  
  59  10:31  Queen  
  59  10:32  Drone  
  50  10:37  Hydralisk  
  50  10:38  Overseer  
  52  10:45  Overlord  
  52  10:46  Overseer  
  52  10:47  Roach  
  53  10:54  Spore Crawler  
  53  10:56  Overseer, Roach  
  51  11:03  Overlord, Drone  
  43  11:05  Hydralisk  
  43  11:06  Drone  
  43  11:07  Pneumatized Carapace  
  43  11:09  Drone  
  37  11:12  Drone  
  37  11:14  Hydralisk  
  37  11:15  Drone  
  27  11:18  Drone  
  27  11:23  Hydralisk  
  27  11:33  Mutalisk  
  27  11:42  Mutalisk  
  29  11:50  Overlord  
  25  12:07  Corruptor  
  23  12:11  Overlord  
  19  12:17  Corruptor  
  21  12:28  Roach, Evolution Chamber  
  21  12:29  Overlord, Drone  
  25  12:32  Overseer  
  22  12:41  Drone  
  22  12:43  Overlord  
  20  12:48  Drone  
Tags
 
Composition
MMM Bio
Matchup
TvZ
Opening
Pool First
Replay Pack
RP
Spawn Locations
Cross Positions
Add a new tag
Caveats
  • Supply blocks, unpowered buildings, or Contaminate may cause inaccurate times.
  • Supply counts are checked every 10 seconds.